 Dungeon Crawl Stone Soup version 0.27-a0-95-g5a9077b8ae (webtiles) character file.

Game seed: 6305218366358001050

137918 timneilson the Tortoise (level 17, -15/106 HPs)
             Began as a Gargoyle Fighter on Jan 18, 2021.
             Was the Champion of Okawaru.
             Killed from afar by a thorn hunter (39 damage)
             ... with a volley of thorns
             ... on level 3 of the Swamp.
             The game lasted 01:14:59 (29136 turns).

timneilson the Tortoise (Gargoyle Fighter)         Turns: 29136, Time: 01:14:59

Health: -15/106    AC: 43    Str: 27    XL:     17   Next: 25%
Magic:  25/25      EV:  8    Int:  9    God:    Okawaru [******]
Gold:   2457       SH: 22    Dex: 15    Spells: 16/16 levels left

rFire    + + .     SeeInvis +   A - +3 double sword (holy)
rCold    . . .     Faith    .   N - +0 tower shield
rNeg     + + +     Spirit   .   P - +3 crystal plate armour
rPois    ∞         Reflect  .   y - +0 hat "Lita" {+Inv rN+ Dex+6 SInv}
rElec    +         Harm     .   w - +2 cloak {Will+}
rCorr    .         Rampage  .   (no gloves)
Will     ++...                  (no boots)
Stlth    ..........             o - amulet of the acrobat
HPRegen  0.27/turn              E - ring of Menuroch {*Slow rF+ rN++ EV+4 Stlth+}
MPRegen  0.19/turn              H - ring of protection from fire

@: flying, studying Shields
A: big wings, negative energy resistance 1, electricity resistance, unbreathing,
petrification resistance, miasma immunity, AC +12
a: Stop Flying, Renounce Religion, Evoke Invisibility, Heroism, Finesse


You were on level 3 of the Swamp.
You worshipped Okawaru.
Okawaru was exalted by your worship.
You visited 5 branches of the dungeon, and saw 27 of its levels.
You also visited: Bailey.

You collected 2822 gold pieces.
You spent 365 gold pieces at shops.

Inventory:

Hand Weapons
 e - a +4 scimitar of flaming
 A - a +3 double sword of holy wrath (weapon)
Armour
 w - a +2 cloak of willpower (worn)
 y - the +0 hat "Lita" (worn) {+Inv rN+ Dex+6 SInv}
   (You found it on level 9 of the Dungeon)

   It affects your dexterity (+6).
   It protects you from negative energy.
   It lets you see invisible.
   It lets you turn invisible.
 N - a +0 tower shield (worn)
 P - a +3 crystal plate armour (worn)
Jewellery
 o - an amulet of the acrobat (around neck)
 x - a cursed ring of willpower
 z - an uncursed ring of willpower
 E - the ring of Menuroch (left hand) {*Slow rF+ rN++ EV+4 Stlth+}
   (You found it on level 10 of the Dungeon)

   [ring of evasion]

   It affects your evasion (+4).
   It protects you from fire.
   It greatly protects you from negative energy.
   It may slow you when you take damage.
   It makes you more stealthy.
 H - a ring of protection from fire (right hand)
 M - an uncursed ring of see invisible
Wands
 b - a wand of iceblast (19)
 f - a wand of paralysis (15)
 i - a wand of polymorph (11)
 p - a wand of flame (74)
 I - a wand of disintegration (12)
 J - a wand of digging (6)
 Q - a wand of random effects (15)
Scrolls
 a - 2 scrolls of enchant armour
 d - 2 scrolls of silence
 m - 2 scrolls of blinking
 n - 7 scrolls of remove curse
 q - 4 scrolls of fear
 s - 4 scrolls of teleportation
 B - 6 scrolls of enchant weapon
 D - 7 scrolls of identify
Potions
 c - 2 potions of might
 g - 3 potions of attraction
 h - a potion of cancellation
 j - 22 potions of curing
 k - 2 potions of brilliance
 l - 3 potions of resistance
 r - 12 potions of ambrosia
 t - 2 potions of berserk rage
 v - 2 potions of mutation
 C - 2 potions of invisibility
 F - 3 potions of haste
 O - 3 potions of magic
Books
 u - a manual of Shields
Miscellaneous
 L - a phantom mirror


   Skills:
 + Level 11.9 Fighting
 * Level 13.4 Long Blades
 * Level 15.7 Armour
 * Level 15.7 Shields
 + Level 11.0 Invocations
 + Level 9.3 Evocations


You had 16 spell levels left.
You didn't know any spells.
Your spell library contained the following spells:

 Spells                   Type           Power        Failure   Level
 Animate Skeleton         Necr           0%           100%        1
 Apportation              Tloc           0%           100%        1
 Beastly Appendage        Tmut           0%           100%        1
 Corona                   Hex            0%           100%        1
 Foxfire                  Conj/Fire      0%           100%        1
 Pain                     Necr           0%           100%        1
 Summon Small Mammal      Summ           0%           100%        1
 Slow                     Hex            0%           100%        2
 Wereblood                Tmut           0%           100%        2
 Confusing Touch          Hex            0%           100%        3
 Conjure Flame            Conj/Fire      0%           100%        3
 Gell's Gravitas          Tloc           0%           100%        3
 Inner Flame              Hex/Fire       0%           100%        3
 Portal Projectile        Hex/Tloc       0%           100%        3
 Spider Form              Tmut/Pois      0%           100%        3
 Vampiric Draining        Necr           0%           100%        3
 Animate Dead             Necr           0%           100%        4
 Cause Fear               Hex            0%           100%        4
 Ice Form                 Ice/Tmut       0%           100%        4
 Leda's Liquefaction      Hex/Erth       0%           100%        4
 Petrify                  Tmut/Erth      0%           100%        4
 Sticky Flame             Conj/Fire      0%           100%        4
 Agony                    Necr           0%           100%        5
 Blade Hands              Tmut           0%           100%        5
 Fireball                 Conj/Fire      0%           100%        5
 Metabolic Englaciation   Hex/Ice        0%           100%        5
 Yara's Violent Unravell  Hex/Tmut       0%           100%        5
 Haunt                    Necr/Summ      0%           100%        7
 Borgnjor's Revivificati  Necr           0%           100%        8
 Infestation              Necr           0%           100%        8
 Necromutation            Tmut/Necr      0%           100%        8
 Death's Door             Necr           0%           100%        9


Dungeon Overview and Level Annotations

Branches:
Dungeon (15/15)            Temple (1/1) D:4            Lair (6/6) D:9
  Swamp (3/4) Lair:4       Spider (0/4) Lair:3        Slime (0/5) Lair:5
    Orc (2/2) D:10            Elf (0/3) Orc:2        Vaults (0/5) D:14
 Depths (0/5) D:15         Bailey (visited)

Altars:
Ashenzari
Cheibriados
Dithmenos
Elyvilon
Fedhas
Gozag
Hepliaklqana
Kikubaaqudgha
Makhleb
Nemelex Xobeh
Okawaru
Qazlal
Ru
Sif Muna
Trog
Uskayaw
Vehumet
Wu Jian
Xom
Yredelemnul
Zin
The Shining One
Beogh

Shops:
D:5 ((   D:14 [[   Orc:2 ***(

Portals:
Abyss: Swamp:2

Annotations:
D:3 1 runed translucent door, IdlyInterested's ghost, amateur DsMo
D:13 exclusion: ice statue
D:15 Roxanne
Lair:5 2 transporters
Swamp:2 2 transporters, Ricegish's ghost, adept GnFi


Innate Abilities, Weirdness & Mutations

You are resistant to torment.
Your stone body is resilient. (AC +12)
You are immune to poison.
Your large and strong wings let you fly indefinitely.
You resist negative energy. (rN+)
You are resistant to electric shocks. (rElec)
You can survive without breathing.
You are immune to petrification.
You are immune to miasma.


Message History

The thorn hunter gestures.
Okay, then.
You slash the thorn hunter!
The thorn hunter is lightly damaged.
You block the thorn hunter's attack. x2
You slash the thorn hunter!
The thorn hunter is moderately damaged.
The thorn hunter barely misses you.
You riposte.
You slash the thorn hunter!
The thorn hunter is heavily damaged.
You block the thorn hunter's attack.
You slash the thorn hunter!
The thorn hunter is severely damaged.
The briar patch crumbles away. x3; The thorn hunter hits you.
* * * LOW HITPOINT WARNING * * *
You block the thorn hunter's attack.
You hit the thorn hunter.
The thorn hunter is severely damaged.
The thorn hunter fires a volley of thorns at you.
The volley of thorns hits you!!!
You die...

♣♣.. ≈≈≈#.
♣.≈≈♣≈≈#?#
♣♣≈.♣≈≈≈.#
♣≈≈!≈P≈≈.#
♣.≈♣♣PP≈.##
♣♣§.♣≈≈≈≈#.#
♣P≈≈≈≈≈P≈≈#.P.
♣♣.≈≈≈@f≈≈≈§≈≈
♣P≈≈♣≈PP≈≈≈≈≈≈
♣♣♣♣P≈.♣.PP≈≈≈≈≈≈
♣.♣.♣≈≈†♣♣♣♣♣..§≈≈≈
♣....≈≈≈≈<♣ ♣.♣♣♣♣
♣♣♣.♣<♣†≈≈...♣♣.P
♣♣♣♣≈≈.♣≈≈.♣ ≈$.
♣>..♣♣≈≈♣ .. ♣..♣♣
.≈≈≈


You could see a thorn hunter.

Vanquished Creatures
  A sphinx (D:10)
  Kirke (D:13)
  A fenstrider witch (Swamp:2)
  An orc warlord (Orc:1)
  A juggernaut zombie (D:15)
  A stone giant (Orc:2)
  A bunyip (Swamp:1)
  Azrael (D:15)
  4 eleionomae
  Josephine (D:12)
  4 ogre magi (Orc:2)
  2 catoblepae
  13 hydras
  A rakshasa (D:10)
  3 boulder beetles
  4 centaur warriors
  2 ghost crabs
  18 two-headed ogres
  2 alligators (Swamp:2)
  8 death yaks
  3 tengu warriors (D:14)
  2 orc high priests (Orc:2)
  Sonja (Lair:4)
  7 skeletal warriors (D:15)
  A swamp dragon (Swamp:1)
  5 goliath frogs
  A spriggan druid (Swamp:2)
  A flayed ghost (D:15)
  5 bog bodies
  3 orc knights
  A necromancer (D:15)
  2 deep elf magi (D:14)
  3 orc sorcerers (Orc:2)
  4 ugly things
  3 will-o-the-wisps
  A manticore (D:11)
  A moth of wrath (shapeshifter) (D:10)
  2 centaur zombies
  5 black mambas
  Maurice (D:11)
  2 torpor snails
  29 cane toads
  Psyche (D:9)
  11 komodo dragons
  4 yaktaurs (D:14)
  A queen bee (Orc:1)
  A rime drake (Lair:6)
  9 tyrant leeches
  8 trolls
  A polar bear (shapeshifter) (D:14)
  A wolf spider simulacrum (D:14)
  An ettin zombie (D:15)
  10 hornets
  12 blink frogs
  11 slime creatures
  An ice dragon zombie (D:15)
  A spriggan zombie (D:15)
  A redback (D:14)
  20 spriggans
  2 shadows
  11 wraiths
  A centaur simulacrum (D:14)
  4 wyverns
  53 yaks
  Grum (D:9)
  A steam dragon (D:11)
  A fire elemental (D:15)
  2 basilisks
  13 vampire mosquitoes
  A warg (Orc:1)
  19 water moccasins
  7 swamp worms
  7 hell hounds (D:15)
  6 ice beasts
  31 orc warriors
  3 sky beasts
  2 swamp drakes
  A hornet zombie (D:13)
  3 necrophages
  An eye of draining (D:11)
  3 phantoms
  45 ogres
  18 wolves
  6 centaurs
  4 boggarts
  8 big kobolds
  33 bullfrogs
  29 killer bees
  6 scorpions
  44 wights
  2 electric eels (Lair:6)
  4 howler monkeys
  2 bullfrog zombies
  2 quasits (D:7)
  27 orc wizards
  25 orc priests
  2 bullfrog skeletons
  9 hounds
  4 jellies
  3 centaur skeletons
  5 iguanas
  3 hell rats
  10 worker ants
  A worker ant (shapeshifter) (D:14)
  Robin (D:2)
  17 adders
  4 gnolls (D:5)
  10 river rats
  3 white imps
  2 oozes
  An adder skeleton (D:2)
  2 adder zombies
  3 worms
  4 dart slugs
  A leopard gecko (D:6)
  97 orcs
  14 bats
  A bat skeleton (D:2)
  4 giant cockroaches
  19 goblins
  10 hobgoblins
  7 jackals (D:1)
  18 kobolds
  8 quokkas
  A ball python (D:3)
  A ball python skeleton (D:2)
  A ball python zombie (D:2)
  A frilled lizard (D:3)
  2 leopard gecko skeletons
  A leopard gecko zombie (D:2)
  A quokka skeleton (D:2)
  11 rats
  A briar patch (Swamp:3)
958 creatures vanquished.

Vanquished Creatures (others)
  An eleionoma (Swamp:1)
  A bloated husk (Swamp:2)
  A tyrant leech (Swamp:1)
  3 humans (D:13)
  A swamp worm (Swamp:3)
  23 foxfires
  14 fungi
  69 plants
  16 withered plants
129 creatures vanquished.

Grand Total: 1087 creatures vanquished

Notes
Turn   | Place    | Note
-------+----------+-------------------------------------------
     0 | D:1      | timneilson the Gargoyle Fighter began the quest for the
                  | Orb.
     0 | D:1      | Reached XP level 1. HP: 14/14 MP: 1/1
     3 | D:1      | You fall into a shaft and drop 1 floor!
    18 | D:2      | Reached XP level 2. HP: 13/19 MP: 2/2
   198 | D:2      | Reached XP level 3. HP: 23/23 MP: 3/3
   199 | D:2      | Noticed Robin
   212 | D:2      | Killed Robin
   276 | D:2      | Reached XP level 4. HP: 28/28 MP: 4/4
   661 | D:1      | Found a broken altar of Ashenzari.
  1476 | D:2      | Reached XP level 5. HP: 33/33 MP: 5/5
  1517 | D:3      | Found a runed translucent door.
  1517 | D:3      | Noticed IdlyInterested's ghost (amateur DsMo)
  1893 | D:3      | Reached XP level 6. HP: 37/38 MP: 6/6
  2193 | D:4      | Found a staircase to the Ecumenical Temple.
  2216 | D:4      | Reached skill level 5 in Armour
  2238 | Temple   | Entered the Ecumenical Temple
  2589 | Temple   | Became a worshipper of Warmaster Okawaru
  2617 | D:4      | Reached skill level 5 in Shields
  2746 | D:4      | Reached XP level 7. HP: 32/43 MP: 7/7
  3249 | D:5      | Entered Level 5 of the Dungeon
  3289 | D:5      | Reached * piety under Okawaru
  3323 | D:5      | Found Ginahox's Antique Weapon Shoppe.
  3397 | D:5      | Found Bofriny's Antique Weapon Shoppe.
  3744 | D:5      | Reached skill level 1 in Invocations
  3834 | D:5      | Reached XP level 8. HP: 44/48 MP: 8/8
  3927 | D:6      | Reached skill level 1 in Evocations
  3989 | D:6      | Reached ** piety under Okawaru
  3990 | D:6      | Found a stormy altar of Qazlal.
  4478 | D:6      | Reached skill level 5 in Fighting
  4604 | D:7      | Reached skill level 5 in Long Blades
  5042 | D:7      | Reached XP level 9. HP: 54/54 MP: 10/10
  5213 | D:7      | Paralysed by something for 4 turns
  5236 | D:7      | Paralysed by something for 5 turns
  5734 | D:7      | Reached *** piety under Okawaru
  6535 | D:9      | Noticed a death yak
  6981 | D:9      | Reached XP level 10. HP: 58/60 MP: 12/12
  6984 | D:9      | Noticed Psyche
  7001 | D:9      | HP: 2/60 [something (22)]
  7007 | D:9      | Killed Psyche
  7007 | D:9      | Reached **** piety under Okawaru
  7263 | D:9      | Noticed a death yak
  7263 | D:9      | Noticed a death yak
  7389 | D:9      | Killed a death yak
  7394 | D:9      | Killed a death yak
  7405 | D:9      | Reached ***** piety under Okawaru
  7661 | D:9      | Killed a death yak
  7662 | D:9      | Reached skill level 5 in Invocations
  7760 | D:9      | Reached XP level 11. HP: 38/66 MP: 11/14
  7912 | D:9      | Found a bloodstained altar of Trog.
  8015 | D:9      | Found a staircase to the Lair.
  8038 | D:9      | Got a scorched hat
  8039 | D:9      | Identified the cursed +0 hat "Lita" {+Inv rN+ Dex+6 SInv}
                  | (You found it on level 9 of the Dungeon)
  8354 | D:9      | Noticed Grum
  8383 | D:9      | Killed Grum
  8892 | D:10     | Entered Level 10 of the Dungeon
  9751 | D:10     | Found a staircase to the Orcish Mines.
 10062 | D:10     | Reached skill level 10 in Armour
 10273 | D:10     | Reached skill level 10 in Shields
 10388 | D:10     | Noticed a sphinx
 10388 | D:10     | Noticed a rakshasa
 10440 | D:10     | Killed a sphinx
 10440 | D:10     | Received a gift from Okawaru
 10449 | D:10     | Killed a rakshasa
 10450 | D:10     | Reached skill level 5 in Evocations
 10450 | D:10     | Noticed a cyclops
 10450 | D:10     | Noticed a sea snake
 10450 | D:10     | a cyclops changed into a sea snake
 10451 | D:10     | a sea snake changed into a water nymph
 10453 | D:10     | Noticed a moth of wrath
 10453 | D:10     | a water nymph changed into a moth of wrath
 10458 | D:10     | Killed a moth of wrath
 10470 | D:10     | Got a wavering marble ring
 10471 | D:10     | Identified the ring of Menuroch {*Slow rF+ rN++ EV+4
                  | Stlth+} (You found it on level 10 of the Dungeon)
 10762 | D:11     | Reached XP level 12. HP: 73/73 MP: 16/16
 11439 | D:11     | Received a gift from Okawaru
 11513 | D:11     | Noticed a five-headed hydra
 11551 | D:11     | Killed a one-headed hydra
 11719 | D:11     | Noticed Maurice
 11737 | D:11     | Killed Maurice
 12004 | D:12     | Noticed a two-headed ogre
 12022 | D:12     | Killed a two-headed ogre
 12125 | D:12     | Noticed Josephine
 12151 | D:12     | Killed Josephine
 12212 | D:12     | Noticed a boulder beetle
 12225 | D:12     | Killed a boulder beetle
 12225 | D:12     | Received a gift from Okawaru
 12398 | D:12     | Noticed a two-headed ogre
 12427 | D:12     | Killed a two-headed ogre
 12489 | D:12     | Noticed a two-headed ogre
 12515 | D:12     | Killed a two-headed ogre
 12516 | D:12     | Reached XP level 13. HP: 53/79 MP: 18/18
 13179 | D:13     | Received a gift from Okawaru
 13180 | D:13     | Reached skill level 10 in Long Blades
 13612 | D:13     | Noticed Kirke
 13625 | D:13     | Killed Kirke
 14322 | D:14     | Reached ****** piety under Okawaru
 14340 | D:14     | Received a gift from Okawaru
 14536 | D:14     | Found Cheibriados's Comfort Zone.
 14537 | D:14     | Found a snail-covered altar of Cheibriados.
 14742 | D:14     | Gained mutation: Your large and strong wings let you fly
                  | indefinitely. [Gargoyle growth]
 14742 | D:14     | Reached XP level 14. HP: 27/86 MP: 17/20
 14868 | Lair:1   | Entered Level 1 of the Lair of Beasts
 17053 | Lair:3   | Found a hole to the Spider Nest.
 17723 | Lair:4   | Received a gift from Okawaru
 17941 | Lair:4   | Reached skill level 10 in Fighting
 18267 | Lair:4   | Found a staircase to the Swamp.
 18329 | Lair:4   | Noticed Sonja
 18358 | Lair:4   | Killed Sonja
 18674 | Lair:4   | Found an ornate altar of the Wu Jian Council.
 19650 | Lair:5   | Found a staircase to the Slime Pits.
 19842 | Lair:5   | Reached XP level 15. HP: 86/92 MP: 21/21
 20228 | Lair:5   | Found a transporter.
 20228 | Lair:5   | Found a transporter.
 20332 | Lair:6   | Entered Level 6 of the Lair of Beasts
 20338 | Lair:6   | Received a gift from Okawaru
 20455 | Lair:6   | Received a gift from Okawaru
 20995 | Lair:6   | Found a shimmering blue altar of Sif Muna.
 22061 | Orc:1    | Entered Level 1 of the Orcish Mines
 22086 | Orc:1    | Found a flagged portal.
 22105 | Bailey   | Entered a bailey
 22578 | Orc:1    | Received a gift from Okawaru
 22594 | Orc:1    | Got a smoking long sword {god gift}
 22595 | Orc:1    | Identified the +1 long sword "Fyerchy" {vorpal, +Fly rF++
                  | Dex+6} (Okawaru gifted it to you on level 1 of the Orcish
                  | Mines)
 22974 | Orc:1    | Found a roughly hewn altar of Beogh.
 23319 | Orc:1    | Found a bloodstained altar of Trog.
 23656 | Orc:2    | Entered Level 2 of the Orcish Mines
 23656 | Orc:2    | Noticed an orc warlord
 23684 | Orc:1    | Killed an orc warlord
 23700 | Orc:2    | Reached skill level 10 in Invocations
 24204 | Orc:2    | Found a roughly hewn altar of Beogh.
 24358 | Orc:2    | Found a staircase to the Elven Halls.
 24374 | Orc:2    | Found Keaq's Assorted Antiques.
 24374 | Orc:2    | Found Waimu's Antique Weapon Boutique.
 24386 | Orc:2    | Reached XP level 16. HP: 94/100 MP: 16/23
 24450 | Orc:2    | Received a gift from Okawaru
 24478 | Orc:2    | Received a gift from Okawaru
 24551 | Orc:2    | Found Zaucisarr's General Store.
 24551 | Orc:2    | Found Erubrus's Assorted Antiques.
 25395 | D:14     | Found a gate to the Vaults.
 25438 | D:14     | Reached skill level 15 in Armour
 25630 | D:14     | Found Juqab's Armour Shop.
 25633 | D:14     | Bought a +2 cloak of willpower for 365 gold pieces
 25796 | D:15     | Entered Level 15 of the Dungeon
 25823 | D:15     | Reached skill level 15 in Shields
 25872 | D:15     | Received a gift from Okawaru
 25897 | D:15     | Noticed Azrael
 25929 | D:15     | Killed Azrael
 26414 | D:15     | Found a staircase to the Depths.
 26487 | D:15     | Noticed Roxanne
 26741 | D:15     | Found an iron altar of Okawaru.
 27104 | Swamp:1  | Entered Level 1 of the Swamp
 27225 | Swamp:1  | Received a gift from Okawaru
 27451 | Swamp:1  | You are sucked into a shaft and drop 1 floor!
 27453 | Swamp:2  | Noticed a fenstrider witch
 27463 | Swamp:2  | Killed a fenstrider witch
 27481 | Swamp:2  | Reached XP level 17. HP: 53/106 MP: 25/25
 28756 | Swamp:2  | Found a transporter.
 28767 | Swamp:2  | Identified the +7 lajatang of Arbitration {distort, rC+
                  | SInv Stlth+}
 28777 | Swamp:2  | Noticed a hellephant
 28784 | Swamp:2  | Noticed Ricegish's ghost (adept GnFi)
 28849 | Swamp:2  | Found a transporter.
 28859 | Swamp:2  | Found a one-way gate to the infinite horrors of the Abyss.
 29061 | Swamp:2  | Identified a scroll of acquirement
 29061 | Swamp:2  | Acquired a manual of Shields
 29136 | Swamp:3  | Killed from afar by a thorn hunter

Illustrated notes

Levels and vault maps discovered:
D:1:      beargit_arrival_greenhouse, layout_basic, serial_aquarium,
          aquarium_bridge_straight [aquarium_subvault_bridge,
          aquarium_subvault_wall, aquarium_subvault_bridge,
          aquarium_subvault_window], aquarium_bridge_long_separate
          [aquarium_subvault_wall, aquarium_subvault_bridge,
          aquarium_subvault_bridge, aquarium_subvault_bridge,
          aquarium_subvault_wall, aquarium_subvault_bridge],
          aquarium_window_corridor_2, aquarium_window_fake, aquarium_window_2,
          aquarium_window_2, aquarium_view_2c, aquarium_view_2d,
          aquarium_pool_split, ashenzari_altar_1
D:2:      layout_loops_cross, serial_undead, serial_undead_e, serial_undead_a,
          serial_undead_b, serial_undead_f, minmay_misc_feat_diagonals,
          uniq_robin
D:3:      layout_rooms, gammafunk_ghost_grave, serial_curves, eino_curves_03,
          eino_curves_01
D:4:      layout_cave_pools, minmay_temple_entry_sparse_star
D:5:      layout_cave_pools, serial_shops, shop, shop_statue
D:6:      layout_rooms, basic_altar, roderic_batcave, grunt_ministairs_9
D:7:      layout_basic
D:8:      layout_rooms
D:9:      layout_gridville, lemuel_doored_altar, dpeg_lair_monsters,
          library_closet, uniq_psyche, uniq_grum
D:10:     layout_roguey, erik_orc_1, wad_scary_box
D:11:     layout_roguey, uniq_maurice
D:12:     layout_roguey, uniq_josephine
D:13:     layout_rooms, minivault_16, uniq_kirke
D:14:     minmay_the_grid_square_5x5_3x3 [minmay_the_grid_square_5x5_n_small,
          minmay_the_grid_square_5x5_minivault,
          minmay_the_grid_square_5x5_three,
          minmay_the_grid_square_5x5_two_walls_a,
          minmay_the_grid_square_5x5_megaprize_crossed,
          minmay_the_grid_square_5x5_misaligned,
          minmay_the_grid_square_5x5_hollow_slash,
          minmay_the_grid_square_5x5_shrine1,
          minmay_the_grid_square_5x5_pentomino_r], layout_basic,
          hangedman_vaults_entry_quadrant_bands, serial_shops,
          kennysheep_mini_moat, minmay_shop_chei
D:15:     gammafunk_depths_entry_grave, layout_loops_cross, fedhas_altar_2,
          okawaru_ov_weapons_minmay, uniq_roxanne, uniq_azrael
Temple:   nicolae_temple_the_god_donut
Lair:1:   layout_concentric_octagons, grunt_megastairs_4
Lair:2:   layout_gridlike, infiniplex_staircase_pool
Lair:3:   layout_small_grid, spider_nest_entry_web_field, grunt_megastairs_5
Lair:4:   kb_forest_paths, layout_regular_city, skrybe_swamp_entry_bodies,
          basic_altar, uniq_sonja
Lair:5:   gammafunk_boulding_lane, layout_small_grid,
          minmay_slime_entry_pillars, kennysheep_rathole
Lair:6:   minmay_lair_end_frog_pond, layout_hall_layers, basic_altar,
          lemuel_fruit_tree, serial_bayou_shore_b
Swamp:1:  layout_basic_swamp, evilmike_swamp_ruin_rubble_1, swamp_pool1
Swamp:2:  layout_falls_marsh, gammafunk_ghost_abyssal_escape,
          hangedman_swamp_ruin_wall
Swamp:3:  nicolae_swamp_phyte_club, layout_falls_marsh,
          nicolae_swamp_little_tower, swamp_pool1, hangedman_swamp_wriggling,
          uniq_mara
Orc:1:    nicolae_orc_accident_1, layout_caves, enter_bailey_3, basic_altar,
          special_room [special_room_bee], bloody_trog
Orc:2:    st_orc_ogre_mass, layout_diamond_mine, basic_altar

Skill      XL: |  1  2  3  4  5  6  7  8  9 10 11 12 13 14 15 16 17 |
---------------+----------------------------------------------------+-----
Long Blades    | 2 3 4 5 6 7 8 9 10 11 12 13 | 13.4
Armour         | 4 5 6 8 9 10 11 12 13 14 15 | 15.7
Shields        | 4 5 6 8 9 10 11 12 13 14 15 | 15.7
Fighting       | 4 5 6 7 8 9 10 11 | 11.9
Invocations    | 1 2 3 5 6 7 8 9 10 11 | 11.0
Evocations     | 2 3 4 5 6 7 8 9 |  9.3

Action                   |  1- 3 |  4- 6 |  7- 9 | 10-12 | 13-15 | 16-18 || total
-------------------------+-------+-------+-------+-------+-------+-------++-------
Melee: Long sword        |    75 |   270 |   532 |   222 |    79 |       ||  1178
       Scimitar          |       |       |       |   668 |  1726 |   653 ||  3047
       Double sword      |       |       |       |       |       |   200 ||   200
Invok: Heroism           |       |       |     4 |    22 |    23 |    12 ||    61
       Finesse           |       |       |       |     3 |     3 |     1 ||     7
 Abil: Fly               |       |       |       |       |     1 |       ||     1
  Use: Scroll            |       |     8 |    11 |     9 |    15 |     3 ||    46
       Potion            |       |     1 |     3 |     7 |     2 |     2 ||    15
 Stab: Confused          |       |       |       |       |     2 |     1 ||     3
       Petrifying        |       |       |       |       |     1 |       ||     1
Armor: Scale mail        |    36 |   166 |   292 |       |       |       ||   494
       Chain mail        |       |       |    16 |    79 |       |       ||    95
       Skin              |       |       |       |    23 |       |       ||    23
       Plate armour      |       |       |       |   225 |   410 |       ||   635
       Crystal plate arm |       |       |       |       |   355 |   394 ||   749
Dodge: Dodged            |    22 |    84 |   164 |   254 |   640 |   230 ||  1394
Block: Kite shield       |    38 |   168 |   327 |   582 |   607 |       ||  1722
       Tower shield      |       |       |       |       |  1177 |   967 ||  2144
       Rpst.: Long sword |     3 |    24 |    49 |    26 |     5 |       ||   107
       Scimitar          |       |       |       |    54 |   163 |    37 ||   254
       Double sword      |       |       |       |       |       |    10 ||    10

Table legend: (Time is in decaauts)
 A = Elapsed time spent in this place.
 B = Non-inter-level travel time spent in this place.
 C = Inter-level travel time spent in this place.
 D = Time resting spent in this place.
 E = Time spent auto-exploring this place.
 F = Levels seen in this place.
 G = Mean time per level.
                   A        B        C        D        E       F      G
               +--------+--------+--------+--------+--------+-----+--------+
         Total |  28701 |  27072 |   1629 |   1738 |  17698 |  28 | 1025.0 |
       Dungeon |  16455 |  15405 |   1050 |   1372 |   9171 |  15 | 1097.0 |
        Temple |    372 |    322 |     50 |      0 |    320 |   1 |  372.0 |
          Lair |   7099 |   6676 |    423 |     11 |   5249 |   6 | 1183.2 |
         Swamp |   1952 |   1908 |     44 |    355 |   1099 |   3 |  650.7 |
  Orcish Mines |   2490 |   2430 |     60 |      0 |   1783 |   2 | 1245.0 |
        Bailey |    332 |    332 |      0 |      0 |     76 |   1 |  332.0 |
               +--------+--------+--------+--------+--------+-----+--------+

Top non-repeatable levels by time:
    D:10: 2148 daAuts
     D:9: 1998 daAuts
    D:14: 1837 daAuts
  Lair:4: 1634 daAuts
  Lair:6: 1499 daAuts
     D:7: 1373 daAuts
   Orc:1: 1278 daAuts
   Orc:2: 1211 daAuts
  Lair:2: 1050 daAuts
    D:12: 1048 daAuts
     D:8: 1023 daAuts
  Lair:5: 1023 daAuts
  Lair:1: 1006 daAuts
 Swamp:2: 1005 daAuts
    D:11: 1000 daAuts
